 Dungeon Crawl Stone Soup version 0.30.0-19-g36f170ea60 (webtiles) character file.

Game seed: 16170647098383083409

103 Graphine the Trooper (level 4, -2/40 HPs)
             Began as a Hill Orc Fighter on May 28, 2023.
             Was an Initiate of the Shining One.
             Slain by Duvessa
             ... wielding a +0 short sword
              (4 damage)
             ... on level 4 of the Dungeon.
             The game lasted 00:05:34 (2595 turns).

Graphine the Trooper (Hill Orc Fighter)             Turns: 2595, Time: 00:05:35

Health: -2/40      AC:  7    Str: 20    XL:     4   Next: 79%
Magic:  5/5        EV:  9    Int:  8    God:    the Shining One [......]
Gold:   168        SH:  4    Dex: 10    Spells: 3/3 levels left

rFire   . . .        a - +0 war axe
rCold   . . .        c - +0 buckler
rNeg    . . .        b - +0 scale mail
rPois   +            (no helmet)
rElec   .            (no cloak)
rCorr   .            (no gloves)
SInv    .            (no boots)
Will    .....        (no amulet) Stlth
                     e - ring of poison resistance
HPRegen 0.26/turn    (no ring)
MPRegen 0.09/turn

%: no passive effects
@: hasted, glowing, very quick
A: no striking features
a: Renounce Religion


You were on level 4 of the Dungeon.
You worshipped the Shining One.
The Shining One was noncommittal.
You visited 1 branch of the dungeon, and saw 4 of its levels.

You collected 168 gold pieces.

Inventory:

Hand Weapons
 a - a +0 war axe (weapon)
Armour
 b - a +0 scale mail (worn)
 c - a +0 buckler (worn)
 f - the +1 leather armour of the Desert {rN+ Regen+}
   (You found it on level 3 of the Dungeon)

   rN:        It protects you from negative energy.
   Regen:     It increases your rate of health regeneration.
Jewellery
 e - a ring of poison resistance (left hand)
 k - a +6 ring of intelligence
Scrolls
 j - a scroll of immolation {unknown}
 p - a scroll of vulnerability {unknown}
 q - a scroll of poison
 r - a scroll of identify
 s - a scroll of magic mapping
Potions
 d - a potion of might
 h - a potion of attraction {unknown}
 i - a potion of invisibility {unknown}
 l - a potion of curing {unknown}
 m - a potion of lignification {unknown}
 n - 2 potions of flight {unknown}
 o - a potion of resistance


   Skills:
 + Level 4.3 Fighting
 + Level 3.7 Axes
 + Level 3.9 Armour
 + Level 3.9 Shields
 + Level 2.1 Invocations


You had 3 spell levels left.
You didn't know any spells.
Your spell library contained the following spells:

 Spells                   Type           Power      Damage    Failure   Level
 Beastly Appendage        Tmut           0%         N/A       83%         1
 Freeze                   Ice            0%         1d3       83%         1
 Wereblood                Tmut           0%         N/A       92%         2
 Frozen Ramparts          Ice            0%         1d1       99%         3
 Hailstorm                Conj/Ice       0%         3d3       99%         3
 Spider Form              Tmut/Pois      0%         N/A       99%         3


Dungeon Overview and Level Annotations

Branches:
Dungeon (4/15)
 Temple: D:4-7

Altars:
Gozag
Xom
The Shining One

Annotations:
D:4 Dowan, Duvessa


Message History

Cleave: a) +0 war axe
Press: ? - help, Dir - move target, f - Dowan, p - Duvessa
Aim: Dowan, wielding a +0 dagger and wearing a +2 robe of willpower (lightly wounded, about 57% to evade your +0 war axe)
You closely miss Dowan.
Dowan is lightly wounded.
You hit Duvessa but do no damage. You block Dowan's attack.
You block Duvessa's attack.
Cleave: a) +0 war axe
Press: ? - help, Dir - move target, f/p - Dowan
Aim: Dowan, wielding a +0 dagger and wearing a +2 robe of willpower (lightly wounded, about 57% to evade your +0 war axe)
You barely miss Dowan.
Dowan is lightly wounded.
You closely miss Duvessa. Dowan hits you with a +0 dagger.
* * * LOW HITPOINT WARNING * * *
You block Duvessa's attack.
Unknown command.
Cleave: a) +0 war axe
Press: ? - help, Dir - move target, f/p - Dowan
Aim: Dowan, wielding a +0 dagger and wearing a +2 robe of willpower (lightly wounded, about 57% to evade your +0 war axe)
You closely miss Dowan.
Dowan is lightly wounded.
You hit Duvessa. You block Dowan's attack.
Duvessa hits you with a +0 short sword.
* * * LOW HITPOINT WARNING * * *
Unknown command.
Cleave: a) +0 war axe
Press: ? - help, Dir - move target, f/p - Dowan
Aim: Dowan, wielding a +0 dagger and wearing a +2 robe of willpower (lightly wounded, about 57% to evade your +0 war axe)
You slash Dowan!
Dowan is heavily wounded.
You barely miss Duvessa. Duvessa hits you with a +0 short sword.
* * * LOW HITPOINT WARNING * * *
Dowan hits you but does no damage.
Cleave: a) +0 war axe
Press: ? - help, Dir - move target, f/p - Dowan
Aim: Dowan, wielding a +0 dagger and wearing a +2 robe of willpower (heavily wounded, about 57% to evade your +0 war axe)
You hit Dowan but do no damage.
Dowan is heavily wounded.
You hit Duvessa but do no damage. Duvessa hits you with a +0 short sword.
You die...

.#. .#.# .# ... .. #.. #
##.#.. .## ..... #..##
#.e###..PP#
##########.e@.P♣P
#.......##.##).P♣
#.......##.##P.♣♣
#.(.....##......♣
#####.......#####>#P.P..#
.....<......#####.##..P..g#
####........#.)....#.P♣$PP.
#........#.###..#.♣♣ .♣. .
#.#.†...##.###..#.. ..


You could see Duvessa and Dowan.

Vanquished Creatures
  4 adders
  2 dart slugs
  4 ball pythons
  3 endoplasms
  6 giant cockroaches
  6 hobgoblins
  6 jackals
  2 quokkas
  3 bats
  2 frilled lizards
  5 goblins
  6 kobolds
  12 rats
61 creatures vanquished.

Notes
Turn   | Place    | Note
-------+----------+-------------------------------------------
     0 | D:1      | Graphine the Hill Orc Fighter began the quest for the Orb.
     0 | D:1      | Reached XP level 1. HP: 19/19 MP: 1/1
   212 | D:1      | Reached XP level 2. HP: 27/27 MP: 2/2
   277 | D:1      | Reached skill level 1 in Invocations
   401 | D:1      | Reached XP level 3. HP: 31/33 MP: 3/3
   808 | D:2      | Reached skill level 4 in Fighting
  1259 | D:2      | Found a faded altar of an unknown god.
  1737 | D:3      | Reached XP level 4. HP: 40/40 MP: 5/5
  1755 | D:3      | Identified the +1 leather armour of the Desert {rN+ Regen+}
  2095 | D:3      | Found an opulent altar of Gozag.
  2095 | D:3      | Found a shimmering altar of Xom.
  2438 | D:3      | Found a glowing golden altar of the Shining One.
  2484 | D:3      | Became a worshipper of the Shining One
  2578 | D:4      | Noticed Duvessa
  2580 | D:4      | Noticed Dowan
  2594 | D:4      | HP: 2/40 [Duvessa/+0 short sword (5)]
  2595 | D:4      | Slain by Duvessa

Illustrated notes

Levels and vault maps discovered:
D:1:      nzn_arrival_depleted_hourglass, layout_basic, serial_forest,
          infiniplex_forest_straight_2, infiniplex_forest_lined_corner,
          infiniplex_forest_end_2, infiniplex_forest_straight_2,
          infiniplex_forest_end_1, infiniplex_forest_straight_3,
          infiniplex_forest_corner_1
D:2:      layout_basic, basic_ecumenical_altar
D:3:      layout_rooms, gammafunk_temple_overflow_elements,
          nicolae_tso_carved_into_rock, kennysheep_generic_room_12
D:4:      layout_loops_cross, fedhas_altar_3, pdpol_wu_jian_five_deadly_venoms,
          grunt_temple_overflow_open, minmay_temple_entry_drinking_statues,
          serial_shops, shop, serial_forest, infiniplex_forest_end_1,
          infiniplex_forest_clump_C, infiniplex_forest_lined_3_way,
          infiniplex_forest_clump_cross, infiniplex_forest_join,
          infiniplex_forest_clump_double, infiniplex_forest_clump_small,
          minmay_distorted, uniq_ijyb, uniq_duvessa

Skill      XL: |  1  2  3  4 |
---------------+-------------+-----
Axes           | 3 |  3.7
Invocations    | 1 2 |  2.1
Fighting       | 4 |  4.3
Armour         | |  3.9
Shields        | |  3.9

Action                     |  1- 3 |  4- 6 || total
---------------------------+-------+-------++-------
  Melee: War axe           |    97 |    74 ||   171
    Use: Scroll            |     2 |     2 ||     4
         Potion            |       |     1 ||     1
 Armour: Scale mail        |    44 |    38 ||    82
  Dodge: Dodged            |    48 |    39 ||    87
  Block: Buckler           |    18 |    16 ||    34
